 Dungeon Crawl Stone Soup version 0.29.1-4-g47bece8355 (webtiles) character file.

Game seed: 7624987695801147498

825 CungeonDrawl the Magician (level 8, -9/58 HPs)
             Began as a Djinni Conjurer on Dec 4, 2022.
             Mangled by an ice beast (12 damage)
             ... on level 6 of the Dungeon.
             The game lasted 00:43:33 (7726 turns).

CungeonDrawl the Magician (Djinni Conjurer)         Turns: 7726, Time: 00:43:34

Health: -9/58      AC:  6    Str:  6    XL:     8   Next: 17%
Gold:   386        EV: 12    Int: 27    God:
                   SH:  3    Dex: 13

rFire   + + .      SeeInvis .   c - +1 dagger (speed)
rCold   x . .      Faith    .   p - +0 buckler
rNeg    . . .      Spirit   .   a - +0 robe
rPois   ∞          Reflect  .   m - +2 helmet
rElec   .          Harm     .   r - +0 cloak
rCorr   .          Rampage  .   (no gloves)
Will    +....                   (boots unavailable)
Stlth   ++........              (no amulet)
HPRegen 0.19/turn               B - +6 ring of intelligence
MPRegen 0.00/turn               w - ring of willpower

@: flying
A: sickness immunity, fire resistance 2, cold vulnerability 1, float, innate
caster, HP casting, extra vitality 1
a: no special abilities


You were on level 6 of the Dungeon.
You visited 1 branch of the dungeon, and saw 6 of its levels.
You also visited: Ossuary.

You collected 386 gold pieces.

Inventory:

Hand Weapons
 c - a +1 dagger of speed (weapon)
Missiles
 n - a curare-tipped dart
Armour
 a - a +0 robe (worn)
 m - a +2 helmet (worn)
 p - a +0 buckler (worn)
 r - a +0 cloak (worn)
Jewellery
 d - a ring of ice
 w - a ring of willpower (right hand)
 B - a +6 ring of intelligence (left hand)
Wands
 y - a wand of polymorph (8)
Scrolls
 e - 2 scrolls of teleportation {unknown}
 f - a scroll of identify
 g - 3 scrolls of fear
 i - a scroll of vulnerability {unknown}
 k - a scroll of enchant weapon {unknown}
 s - 3 scrolls of summoning
 t - a scroll of enchant armour {unknown}
 v - a scroll of blinking {unknown}
 C - a scroll of brand weapon {unknown}
Potions
 b - 2 potions of haste {unknown}
 h - 2 potions of attraction {unknown}
 j - a potion of ambrosia {unknown}
 l - 3 potions of mutation
 q - a potion of flight {unknown}
 u - 3 potions of curing {unknown}
 x - a potion of heal wounds {unknown}
 z - 2 potions of might {unknown}
 A - 2 potions of invisibility {unknown}
 D - a potion of berserk rage {unknown}
 E - a potion of resistance {unknown}


   Skills:
 - Level 4.4 Fighting
 - Level 2.6 Dodging
 - Level 2.0 Stealth
 * Level 6.3 Spellcasting


You couldn't memorise any spells.
You knew the following spells:

 Your Spells              Type           Power      Damage    Failure   Level
a - Magic Dart            Conj           100%       1d8       1%          1
b - Searing Ray           Conj           84%        2d7       1%          2
c - Dazzling Flash        Conj/Hex       84%        N/A       1%          3
d - Fulminant Prism       Conj/Hex       21%        3d13      6%          4
e - Iskenderun's Mystic   Conj/Tloc      42%        2d10      6%          4
f - Freeze                Ice            100%       1d11      1%          1
g - Passwall              Tmut/Erth      35%        N/A       1%          2
h - Confusing Touch       Hex            42%        N/A       1%          3
Your spell library was empty.

Dungeon Overview and Level Annotations

Branches:
Dungeon (6/15)            Ossuary (visited)
 Temple: D:4-7

Altars:
Dithmenos
Hepliaklqana
Uskayaw
Zin


Innate Abilities, Weirdness & Mutations

You are immune to sickness and miasma.
You are immune to poison.
Your flesh is very heat resistant. (rF++)
You are vulnerable to cold. (rC-)
You float through the air rather than walking.
You learn spells naturally, not from books.
Your magical power is your life essence.
You have superior vitality. (+4 MHP)


Message History

The ice beast is heavily wounded.
The magic dart hits the ice beast.
The ice beast is heavily wounded.
The magic dart hits the ice beast.
The ice beast is severely wounded.
The ice beast hits you but does no damage.
The magic dart hits the ice beast.
The ice beast is severely wounded.
The ice beast closely misses you.
The magic dart hits the ice beast.
The ice beast is almost dead.
The ice beast barely misses you.
The magic dart hits the ice beast but does no damage.
The ice beast is almost dead.
The ice beast closely misses you.
The magic dart hits the ice beast.
The ice beast is almost dead.
The ice beast hits you. The ice beast freezes you!
You feel a terrible chill!
You are too injured to fight recklessly!
Casting: Magic Dart (safe; 1% risk of failure)
Confirm with . or Enter, or press ? or * to list all spells.
Aiming: Magic Dart (safe; 1% risk of failure)
Press: ? - help, Shift-Dir - straight line, f/p - ice beast
Aim: an ice beast (almost dead, 100% to hit)
The magic dart hits the ice beast but does no damage.
The ice beast is almost dead.
The ice beast hits you. The ice beast freezes you!!
You feel a terrible chill!
* * * LOW HITPOINT WARNING * * *
Casting: Magic Dart (safe; 1% risk of failure)
Confirm with . or Enter, or press ? or * to list all spells.
Aiming: Magic Dart (safe; 1% risk of failure)
Press: ? - help, Shift-Dir - straight line, f/p - ice beast
Aim: an ice beast (almost dead, 100% to hit)
The magic dart hits the ice beast but does no damage.
The ice beast is almost dead.
* * * LOW HITPOINT WARNING * * *
The ice beast hits you.
* * * LOW HITPOINT WARNING * * *
The ice beast freezes you!
You feel a terrible chill!
You die...

######## #......#
.#######.#.##.#
......Y@....#.#########
.#######..............#
#.# ##...#########.#
#.# ##.## #.# #.# #.#
#.# #.# #.# #.# #.#
#+## #.## #####.#####
##...## #...
#.........# ##.....##
##...


You could see an ice beast.

Vanquished Creatures
  Edmund (D:4)
  An ogre (D:4)
  A kobold brigand (D:6)
  A necrophage (D:4)
  A scorpion (D:4)
  A bullfrog zombie (Ossuary)
  A hound (D:4)
  An orc wizard (D:3)
  An iguana (D:4)
  A mummy (Ossuary)
  Robin (D:2)
  A gnoll (D:4)
  7 adders
  3 river rats (D:5)
  2 shadow imps (D:5)
  2 white imps (D:5)
  3 ufetubi (D:4)
  5 worms
  2 dart slugs
  11 orcs
  8 ball pythons
  2 endoplasms
  3 giant cockroaches
  20 goblins
  14 hobgoblins
  10 jackals
  8 quokkas
  2 bats
  3 frilled lizards
  9 kobolds
  8 rats
134 creatures vanquished.

Vanquished Creatures (others)
  4 withered plants (Ossuary)
4 creatures vanquished.

Grand Total: 138 creatures vanquished

Notes
Turn   | Place    | Note
-------+----------+-------------------------------------------
     0 | D:1      | CungeonDrawl the Djinni Conjurer began the quest for the
                  | Orb.
     0 | D:1      | CungeonDrawl set off with the following spells memorised:
                  | Magic Dart, Searing Ray, Dazzling Flash, Fulminant Prism,
                  | Iskenderun's Mystic Blast.
     0 | D:1      | Reached XP level 1. HP: 15/15 MP: 0/0
   244 | D:1      | Reached XP level 2. HP: 5/21 MP: 0/0
  1162 | D:2      | Reached XP level 3. HP: 22/25 MP: 0/0
  1162 | D:2      | Learned a level 1 spell: Freeze
  1553 | D:2      | Found a faded altar of an unknown god.
  1975 | D:2      | Found a hide-covered altar of Uskayaw.
  2163 | D:2      | Reached skill level 4 in Spellcasting
  2163 | D:2      | Reached XP level 4. HP: 23/31 MP: 0/0
  2364 | D:2      | Noticed Robin
  2371 | D:2      | Killed Robin
  3291 | D:3      | Reached skill level 1 in Fighting
  3425 | D:3      | Found a hazy altar of Hepliaklqana.
  3437 | D:3      | Reached XP level 5. HP: 35/37 MP: 0/0
  3437 | D:3      | Learned a level 2 spell: Passwall
  4147 | D:4      | Found a shadowy altar of Dithmenos.
  4277 | D:4      | Found a glowing silver altar of Zin.
  4302 | D:4      | Reached skill level 5 in Spellcasting
  4302 | D:4      | Reached XP level 6. HP: 32/42 MP: 0/0
  4702 | D:4      | Noticed an ogre
  5122 | D:4      | Killed an ogre
  5123 | D:4      | Reached skill level 6 in Spellcasting
  5123 | D:4      | Reached XP level 7. HP: 41/47 MP: 0/0
  5123 | D:4      | Learned a level 3 spell: Confusing Touch
  5458 | D:4      | Noticed Edmund
  5517 | D:4      | Killed Edmund
  6055 | D:5      | Entered Level 5 of the Dungeon
  6376 | D:5      | Found a sand-covered staircase.
  6381 | Ossuary  | Entered an ossuary
  6772 | D:5      | Reached XP level 8. HP: 39/58 MP: 0/0
  7726 | D:6      | Mangled by an ice beast

Illustrated notes

Levels and vault maps discovered:
D:1:      scummos_arrival_simple_fountains, layout_basic,
          chequers_serial_rivers_small_b
D:2:      cheibrodos_greedy_goblins, layout_loops_cross, basic_altar,
          shapermc_ecumenical_altar_mp_highgroup, columned_hall_lemuel,
          uniq_robin
D:3:      layout_loops_corners, overflow_temple_1_default,
          kennysheep_another_room
D:4:      minmay_thinvault, layout_rooms, mainiacjoe_overflow_large_starburst,
          uniq_edmund
D:5:      layout_loops_ring, enter_ossuary_2, lightli_sewer_entry_pipes,
          chequers_serial_rivers_room_b
D:6:      layout_loops_corners, fiery_altar_vehumet, temple_pool_b,
          minmay_a_box_with_orc_wizards_in_it

Skill      XL: |  1  2  3  4  5  6  7 |
---------------+----------------------+-----
Stealth        | 2 |  2.0
Spellcasting   | 4 5 6 |  6.3
Fighting       | 1 4 |  4.4
Dodging        | |  2.6

Action                   |  1- 3 |  4- 6 |  7- 9 || total
-------------------------+-------+-------+-------++-------
Melee: Dagger            |     1 |     1 |       ||     2
 Cast: Magic Dart        |    80 |   134 |   150 ||   364
       Searing Ray       |     2 |     6 |     4 ||    12
       Iskenderun's Myst |       |       |     2 ||     2
  Use: Scroll            |       |       |     5 ||     5
Armor: Robe              |     1 |     7 |     9 ||    17
Dodge: Dodged            |     3 |    18 |    25 ||    46
Block: Buckler           |       |     3 |     5 ||     8
